 Dungeon Crawl Stone Soup version 0.20-a0-731-gecde0bf (webtiles) character file.

124 empire the Covered (level 5, 0/42 HPs)
             Began as a Barachian Fighter on Feb 22, 2017.
             Was an Initiate of Wu Jian.
             Succumbed to a worker ant's poison
             ... on level 4 of the Dungeon.
             The game lasted 00:06:44 (2323 turns).

empire the Covered (Barachian Fighter)              Turns: 2323, Time: 00:06:44

Health: 0/42       AC:  8    Str: 19    XL:     5   Next: 8%
Magic:  5/5        EV:  7    Int:  8    God:    Wu Jian [......]
Gold:   197        SH:  9    Dex: 11    Spells: 4/4 levels left

rFire    + . .     SeeInvis .   a - +0 long sword
rCold    + . .     Gourm    +   b - +0 scale mail
rNeg     . . .     Faith    .   c - +0 shield
rPois    +         Spirit   .   (no helmet)
rElec    +         Reflect  .   (no cloak)
rCorr    +         Harm     .   e - +0 pair of gloves
MR       .....                  (no boots)
Stlth    ..........             s - amulet of the gourmand
Regen    0.2/turn               (no ring)
MPRegen  0.1/turn               (no ring)

@: lethally poisoned (0 -> -10), resistant, slow
A: swims, slowness 1, strong legs 1
a: Hop, Renounce Religion


You were on level 4 of the Dungeon.
You worshipped Wu Jian.
Wu Jian was noncommittal.
You were very hungry.

You visited 1 branch of the dungeon, and saw 4 of its levels.

You collected 197 gold pieces.

Inventory:

Hand Weapons
 a - a +0 long sword (weapon)
Armour
 b - a +0 scale mail (worn)
 c - a +0 shield (worn)
 e - a +0 pair of gloves (worn)
Jewellery
 s - an amulet of the gourmand (around neck)
Wands
 j - a wand of flame (29/48)
Scrolls
 h - 4 scrolls of teleportation {unknown}
 k - 5 scrolls of magic mapping {unknown}
 l - 7 scrolls of identify {unknown}
 m - a scroll of enchant armour {unknown}
 n - a scroll of blinking {unknown}
 p - a scroll of recharging {unknown}
 q - a scroll of remove curse {unknown}
 t - a scroll of amnesia {unknown}
Potions
 d - 3 potions of might
 i - a potion of resistance
 o - a potion of haste {unknown}
 r - a potion of flight {unknown}
Comestibles
 f - 3 bread rations
 g - 2 royal jellies


   Skills:
 + Level 3.8 Fighting
 * Level 4.0 Long Blades
 + Level 4.1 Armour
 + Level 3.6 Shields


You had 4 spell levels left.
You didn't know any spells.

Dungeon Overview and Level Annotations

Branches:
Dungeon (4/15)
 Temple: D:4-7

Altars:
Vehumet
Wu Jian


Innate Abilities, Weirdness & Mutations

You can swim through water.
You cover ground slowly.
You can hop short distances.


Message History

The worker ant is severely wounded.
* * * LOW HITPOINT WARNING * * *
You feel sick. The worker ant barely misses you.
You riposte.
You hit the worker ant but do no damage.
The worker ant is severely wounded.
Your shield and scale mail prevent you from hitting the worker ant.
The worker ant is severely wounded.
* * * LOW HITPOINT WARNING * * *
You feel sick. You block the worker ant's attack.
The worker ant bites you but does no damage.
Your shield and scale mail prevent you from hitting the worker ant.
The worker ant is severely wounded.
* * * LOW HITPOINT WARNING * * *
You feel sick. The worker ant bites you.
* * * LOW HITPOINT WARNING * * *
The worker ant bites you.
* * * LOW HITPOINT WARNING * * *
It was a potion of resistance.
You feel protected.
You die...

...# # [..# .#
#..######..#
#..##..@a..#
#..##.##.#.#
.#####..##.#....# #
........##...(..##.#
#.....(........#.#
#.##............. #
##.##.......#.# ###.
#.##......##.#
..[.###.##.#.......#


You could see a worker ant.

Vanquished Creatures
  3 gnolls (D:2)
  2 adders
  An ooze (D:2)
  2 worms (D:3)
  A dart slug (D:1)
  2 leopard geckos (D:4)
  6 bats
  2 giant cockroaches
  5 hobgoblins
  14 jackals
  2 quokkas
  A ball python (D:2)
  3 frilled lizards
  5 goblins
  4 kobolds
  10 rats
63 creatures vanquished.

Notes
Turn   | Place    | Note
-------+----------+-------------------------------------------
     0 | D:1      | empire the Barachian Fighter began the quest for the Orb.
     0 | D:1      | Reached XP level 1. HP: 18/18 MP: 1/1
   277 | D:1      | Reached XP level 2. HP: 17/24 MP: 2/2
   797 | D:2      | Reached XP level 3. HP: 24/29 MP: 3/3
   908 | D:2      | Reached XP level 4. HP: 27/37 MP: 4/4
  1607 | D:3      | Found an ornate altar of the Wu Jian Council.
  1610 | D:3      | Became a worshipper of the Wu Jian Council
  1819 | D:3      | Found a radiant altar of Vehumet.
  1875 | D:3      | Reached XP level 5. HP: 29/42 MP: 5/5
  2322 | D:4      | HP: 1/42 [worker ant (2)]
  2323 | D:4      | Succumbed to a worker ant's poison

Vault maps used:
D:1:      sevenhm_arrival_forest_fort_large_2
D:3:      lemuel_doored_altar, old_standard_altar, first_bread
D:4:      cheibrodos_helix_gallery

Skill      XL: |  1  2  3  4 |
---------------+-------------+-----
Long Blades    | 3 4 |  4.0
Armour         | 4 |  4.1
Fighting       | |  3.8
Shields        | |  3.6

Action                   |  1- 3 |  4- 6 || total
-------------------------+-------+-------++-------
Melee: Long sword        |    97 |   151 ||   248
  Use: Potion            |       |     1 ||     1
  Eat: Chunk             |       |     8 ||     8
Armor: Scale mail        |    63 |    85 ||   148
Dodge: Dodged            |    50 |    60 ||   110
Block: Shield            |    77 |    93 ||   170
       Rpst.: Long sword |    13 |    26 ||    39
